 Dungeon Crawl Stone Soup version 0.13.1-19-g4b9377e (webtiles) character file.

363 Nakatomy the Archer (level 5, 0/41 HPs)
             Began as a Centaur Hunter on Dec 23, 2013.
             Slain by a giant frog (8 damage)
             ... in a sewer.
             The game lasted 00:27:33 (3341 turns).

Nakatomy the Archer (Centaur Hunter)                Turns: 3341, Time: 00:27:33

HP   0/41        AC  4     Str 15      XL: 5   Next: 77%
MP   3/3         EV  9     Int 10      God:
Gold 127         SH  0     Dex 10      Spells:  0 memorised,  4 levels left

Res.Fire  : . . .   See Invis. : .   b - +1 bow
Res.Cold  : . . .   Warding    : .   d - +0 leather armour
Life Prot.: . . .   Conserve   : .   (no shield)
Res.Poison: .       Res.Corr.  : .   (no helmet)
Res.Elec. : .       Clarity    : .   (no cloak)
Sust.Abil.: . .     Spirit.Shd : .   (no gloves)
Res.Mut.  : .       Stasis     : .   (no barding)
Res.Rott. : .       Flight     : .   (no amulet)
Saprovore : . . .                    (no ring)
                                     (no ring)

@: very quick, slightly resistant to hostile enchantments, extremely unstealthy
A: hooves 3, deformed body, herbivore 1, speed 2, fast metabolism 1, tough skin
3
a: no special abilities


You were in a sewer.
You were not hungry.

You visited 1 branch of the dungeon, and saw 3 of its levels.
You also visited: Sewer.

You collected 107 gold pieces.

Inventory:

Hand weapons
 a - a +0,+0 short sword
 b - a +1,+1 bow (weapon)
Missiles
 c - 7 arrows (quivered)
 k - 18 bolts
 m - 11 darts
Armour
 d - a +0 leather armour (worn)
Comestibles
 f - 3 bread rations
Scrolls
 e - 3 scrolls of random uselessness {unknown}
 g - a scroll of amnesia {unknown}
 h - 2 scrolls of fog {unknown}
 j - 2 scrolls of teleportation {unknown}
 l - a scroll of identify {unknown}
 o - 4 scrolls of remove curse {unknown}
Potions
 i - 5 potions of curing {unknown}
 n - a potion of restore abilities {unknown}


   Skills:
 - Level 1.0 Fighting
 + Level 9.3 Bows
 - Level 0.1 Armour
 - Level 1.3 Dodging
 - Level 0.5 Stealth


You had 4 spell levels left.
You didn't know any spells.

Dungeon Overview and Level Annotations

Branches:
Dungeon (3/27)

Altars:


Innate Abilities, Weirdness & Mutations

You have hooves in place of feet.
Armour fits poorly on your strangely shaped body.
You digest meat inefficiently.
You cover ground very quickly.
You have a fast metabolism.
You have extremely tough skin (AC +3).


Message History

The giant frog hits you. The giant frog hits you.
* * * LOW HITPOINT WARNING * * *
The giant frog hits you.
* * * LOW HITPOINT WARNING * * *
You see here a giant mite corpse.
Firing (i - inventory. (,) - cycle):
c - 9 arrows (quivered)
Press: ? - help, Shift-Dir - straight line, f/p - giant frog
Aim: a giant frog (lightly wounded)
You shoot an arrow. The arrow hits the giant frog.
The giant frog is moderately wounded.
The giant frog hits you but does no damage.
Firing (i - inventory. (,) - cycle):
c - 8 arrows (quivered)
Press: ? - help, Shift-Dir - straight line, f/p - giant frog
Aim: a giant frog (moderately wounded)
You shoot an arrow. The arrow hits the giant frog.
The giant frog is almost dead.
You hear a splash.
The giant frog hits you!
You die...

#######################
#.......≈≈≈≈≈≈≈.≈.....##
#.≈≈≈≈≈≈≈≈≈≈≈≈≈≈≈≈≈≈≈..#
#.≈≈≈≈≈≈≈≈≈≈≈≈≈≈≈≈≈≈≈≈.#
#≈≈≈≈≈≈≈≈≈≈≈≈≈≈≈≈≈≈≈≈≈.#
#≈≈≈≈.≈≈≈≈≈≈≈≈≈F@.≈≈≈≈.#
#≈########≈≈≈≈≈≈≈≈.≈≈≈.#
#≈# ##≈≈≈≈≈≈≈≈≈.≈≈≈.#
#≈# #≈≈≈≈≈≈≈≈≈≈≈≈≈≈.#
#≈# ##≈≈≈≈≈≈≈≈≈≈≈≈≈≈.#
#≈# #≈≈≈≈≈≈≈≈≈≈≈≈≈≈≈.#
#≈# #≈≈∩.≈≈≈.≈≈≈≈≈≈≈.#
#≈# ##≈≈..≈(.≈≈≈≈≈≈≈≈.#
#.# #≈≈≈≈≈..≈≈≈≈≈≈≈≈≈.#


You could see a giant frog.

Vanquished Creatures
  2 orc wizards (D:3)
  Terence (D:3)
  6 adders
  2 giant centipedes (D:3)
  5 giant mites (Sewer)
  9 orcs (D:3)
  2 ball pythons (Sewer)
  6 bats
  7 giant cockroaches
  3 goblins
  3 hobgoblins
  A jackal (D:3)
  6 giant geckos
  5 giant newts
  2 kobolds (D:3)
  4 rats
64 creatures vanquished.

Notes
Turn   | Place    | Note
--------------------------------------------------------------
     0 | D:1      | Nakatomy, the Centaur Hunter, began the quest for the Orb.
     0 | D:1      | Reached XP level 1. HP: 17/17 MP: 0/0
   815 | D:2      | Reached XP level 2. HP: 22/24 MP: 1/1
  1221 | D:2      | Reached skill level 6 in Bows
  1389 | D:2      | HP: 1/24 [poisoned by an adder]
  1827 | D:3      | Reached XP level 3. HP: 15/29 MP: 2/2
  1894 | D:3      | Reached skill level 7 in Bows
  2100 | D:3      | Noticed Terence
  2134 | D:3      | Killed Terence
  2134 | D:3      | Reached XP level 4. HP: 6/36 MP: 2/2
  2346 | D:3      | Reached skill level 8 in Bows
  2534 | D:3      | Reached XP level 5. HP: 11/41 MP: 3/3
  2549 | D:3      | Found a glowing drain.
  2678 | Sewer    | Entered a sewer
  3005 | Sewer    | Reached skill level 9 in Bows
  3341 | Sewer    | Slain by a giant frog

Action                   |  1- 3 |  4- 6 || total
-------------------------+-------+-------++-------
Melee: Unarmed           |   117 |    67 ||   184
       Bow               |     1 |       ||     1
 Fire: Bow               |    35 |    50 ||    85
Throw: Dart              |       |     2 ||     2
